 Seeded DCSS version 0.29.1-12-g30fa7ad0bf (webtiles) character file.

Game seed: 20230118 (custom seed)

424 stormannn the Vexing (level 6, 0/47 HPs)
             Began as a Gnoll Arcane Marksman on Jan 18, 2023.
             Was an Initiate of Gozag.
             Slain by a black bear (5 damage)
             ... on level 5 of the Dungeon.
             The game lasted 00:06:51 (3799 turns).

stormannn the Vexing (Gnoll Arcane Marksman)        Turns: 3799, Time: 00:06:52

Health: 0/47       AC:  4    Str:  9    XL:     6   Next: 96%
Magic:  11/11      EV: 14    Int: 13    God:    Gozag
Gold:   212        SH:  0    Dex: 14    Spells: 7/12 levels left

rFire   . . .      SeeInvis .   a - +4 sling
rCold   . . .      Faith    .   (no shield)
rNeg    . . .      Spirit   .   c - +1 robe
rPois   .          Reflect  .   (no helmet)
rElec   .          Harm     .   (no cloak)
rCorr   .          Rampage  .   (no gloves)
Will    .....                   m - +0 pair of boots
Stlth   ++........              (no amulet)
HPRegen 0.15/turn               l - +4 ring of slaying
MPRegen 0.12/turn               (no ring)

@: no status effects
A: fangs 1, strong nose, distributed training
a: Renounce Religion, Potion Petition, Call Merchant, Bribe Branch


You were on level 5 of the Dungeon.
You worshipped Gozag.
Gozag was aware of your devotion.
You visited 1 branch of the dungeon, and saw 5 of its levels.

You collected 278 gold pieces.
You paid 66 gold pieces to Gozag.

Inventory:

Hand Weapons
 a - a +4 sling (weapon)
Missiles
 n - 8 poisoned darts
 o - 4 boomerangs
Armour
 c - a +1 robe (worn)
 m - a +0 pair of boots (worn)
Jewellery
 l - a +4 ring of slaying (left hand)
Wands
 u - a wand of polymorph (6)
Scrolls
 b - a scroll of poison
 d - a scroll of teleportation
 j - a scroll of magic mapping
 p - a scroll of identify
 v - 2 scrolls of enchant armour
Potions
 e - 3 potions of curing
 f - 2 potions of mutation
 g - 4 potions of might {unknown}
 h - 2 potions of lignification {unknown}
 i - 2 potions of brilliance
 k - a potion of flight
 r - a potion of resistance {unknown}
 t - a potion of invisibility {unknown}


   Skills:
 + Level 3.4 Fighting
 + Level 2.2 Short Blades
 + Level 2.2 Long Blades
 + Level 2.2 Axes
 + Level 2.2 Maces & Flails
 + Level 2.2 Polearms
 + Level 2.2 Staves
 + Level 5.1 Ranged Weapons
 + Level 2.2 Throwing
 + Level 2.2 Armour
 + Level 5.1 Dodging
 + Level 2.2 Stealth
 + Level 2.2 Shields
 + Level 2.2 Unarmed Combat
 + Level 3.6 Spellcasting
 + Level 1.8 Conjurations
 + Level 5.7 Hexes
 + Level 1.8 Summonings
 + Level 1.8 Necromancy
 + Level 1.8 Translocations
 + Level 1.8 Transmutations
 + Level 1.8 Fire Magic
 + Level 1.8 Ice Magic
 + Level 1.8 Air Magic
 + Level 1.8 Earth Magic
 + Level 1.8 Poison Magic
 + Level 2.5 Invocations
 + Level 2.2 Evocations


You had 7 spell levels left.
You knew the following spells:

 Your Spells              Type           Power      Damage    Failure   Level
a - Slow                  Hex            68%        N/A       1%          1
b - Cause Fear            Hex            8%         N/A       21%         4

Your spell library contained the following spells:

 Spells                   Type           Power      Damage    Failure   Level
 Inner Flame              Hex/Fire       12%        N/A       14%         3
 Portal Projectile        Hex/Tloc       24%        N/A       14%         3
 Sublimation of Blood     Necr           7%         N/A       16%         2
 Dispel Undead            Necr           7%         3d8       69%         4
 Petrify                  Tmut/Erth      7%         N/A       69%         4
 Irradiate                Conj/Tmut      3%         3d12      95%         5
 Death Channel            Necr           3%         N/A       100%        6
 Corpse Rot               Necr/Pois/Air  Unusable   N/A       N/A         4

Dungeon Overview and Level Annotations

Branches:
Dungeon (5/15)
 Temple: D:4-7

Altars:
Ashenzari
Cheibriados
Dithmenos
Elyvilon
Gozag
Qazlal
Ru
Yredelemnul
The Shining One

Shops:
D:3 *


Innate Abilities, Weirdness & Mutations

You have very sharp teeth.
Your uncanny sense of smell can sniff out nearby items.
Your experience applies equally to all skills.


Message History

You shoot a sling bullet. The sling bullet hits the black bear.
The black bear is lightly wounded.
You shoot a sling bullet.
The sling bullet closely misses the black bear.
You shoot a sling bullet. The sling bullet hits the black bear!
The black bear is heavily wounded.
You shoot a sling bullet. The sling bullet hits the black bear!
The black bear is almost dead.
The black bear goes berserk!
You shoot a sling bullet.
The sling bullet barely misses the black bear.
The black bear closely misses you. x2
The black bear claws you but does no damage.
You shoot a sling bullet.
The sling bullet closely misses the black bear.
The black bear completely misses you. The black bear claws you.
The black bear barely misses you. The black bear bites you!
The black bear misses you. The black bear claws you.
You shoot a sling bullet.
The sling bullet closely misses the black bear.
The black bear barely misses you. x2; The black bear closely misses you.
You shoot a sling bullet. The sling bullet hits the black bear.
The black bear is almost dead.
The black bear bites you. The black bear claws you. The black bear misses you.
The black bear bites you but does no damage.
The black bear misses you. The black bear claws you.
You are too injured to fight recklessly!
You are too injured to fight recklessly!
Fire: a) +4 sling
Press: ? - help, Shift-Dir - straight line, f/p - black bear
Aim: a black bear (almost dead, berserk, 74% to hit)
You shoot a sling bullet.
The sling bullet closely misses the black bear.
The black bear bites you! The black bear claws you.
* * * LOW HITPOINT WARNING * * *
The black bear closely misses you. The black bear bites you.
* * * LOW HITPOINT WARNING * * *
The black bear barely misses you. The black bear claws you.
You die...
Your body crumbles into a pile of gold.

.....#.#.#################.#...
.........###........######.#...
...>.......................#.(.
.....#.#####.##.....#####..###.
.... #. #.##.....# #..# #. ...
#. #.##.....#####..###. .. #.
#.##.............##. . #.
#.###.............#. #.
#..@'...........#.#.
#.h##...........#.## .....
#...........#... .......
#...........#### .......
#...........# # .......
#...........# ###.#..
#........... #.#.. ....... # .


You could see a black bear (berserk).

Vanquished Creatures
  A black bear (D:4)
  2 scorpions
  A jelly (D:5)
  An iguana (D:5)
  4 gnolls
  3 adders
  A shadow imp (D:4)
  An ufetubus (D:4)
  A worm (D:3)
  2 dart slugs (D:2)
  4 orcs
  4 endoplasms
  3 giant cockroaches
  9 goblins
  12 hobgoblins
  2 jackals (D:1)
  4 kobolds
  3 quokkas
  6 ball pythons
  5 bats
  2 frilled lizards
  2 rats (D:1)
73 creatures vanquished.

Notes
Turn   | Place    | Note
-------+----------+-------------------------------------------
     0 | D:1      | stormannn the Gnoll Arcane Marksman began the quest for the
                  | Orb.
     0 | D:1      | Reached XP level 1. HP: 17/17 MP: 4/4
   353 | D:1      | Reached XP level 2. HP: 23/23 MP: 5/5
   460 | D:1      | Found a faded altar of an unknown god.
   893 | D:1      | Reached XP level 3. HP: 11/28 MP: 7/7
  1338 | D:1      | Reached skill level 1 in Invocations
  1678 | D:1      | Reached skill level 1 in Short Blades
  1678 | D:1      | Reached skill level 1 in Long Blades
  1678 | D:1      | Reached skill level 1 in Axes
  1678 | D:1      | Reached skill level 1 in Maces & Flails
  1678 | D:1      | Reached skill level 1 in Polearms
  1678 | D:1      | Reached skill level 1 in Staves
  1678 | D:1      | Reached skill level 1 in Throwing
  1678 | D:1      | Reached skill level 1 in Armour
  1678 | D:1      | Reached skill level 1 in Stealth
  1678 | D:1      | Reached skill level 1 in Shields
  1678 | D:1      | Reached skill level 1 in Unarmed Combat
  1678 | D:1      | Reached skill level 1 in Evocations
  1934 | D:2      | Reached XP level 4. HP: 34/34 MP: 8/8
  2037 | D:2      | Reached skill level 1 in Conjurations
  2037 | D:2      | Reached skill level 1 in Summonings
  2037 | D:2      | Reached skill level 1 in Necromancy
  2037 | D:2      | Reached skill level 1 in Translocations
  2037 | D:2      | Reached skill level 1 in Transmutations
  2037 | D:2      | Reached skill level 1 in Fire Magic
  2037 | D:2      | Reached skill level 1 in Ice Magic
  2037 | D:2      | Reached skill level 1 in Air Magic
  2037 | D:2      | Reached skill level 1 in Earth Magic
  2037 | D:2      | Reached skill level 1 in Poison Magic
  2349 | D:2      | Noticed a scorpion
  2355 | D:2      | Killed a scorpion
  2356 | D:2      | Reached XP level 5. HP: 41/41 MP: 7/9
  2489 | D:3      | Learned a level 4 spell: Cause Fear
  2509 | D:3      | Found a glowing golden altar of the Shining One.
  2571 | D:3      | Found a broken altar of Ashenzari.
  2603 | D:3      | You fall into a shaft and drop 1 floor!
  2610 | D:3      | Found Xontaf's General Store.
  2878 | D:4      | Noticed a black bear
  2886 | D:4      | Killed a black bear
  2887 | D:4      | Reached skill level 5 in Ranged Weapons
  2887 | D:4      | Reached skill level 5 in Dodging
  2887 | D:4      | Reached XP level 6. HP: 46/47 MP: 9/11
  3055 | D:4      | Found a white marble altar of Elyvilon.
  3119 | D:4      | Found a basalt altar of Yredelemnul.
  3305 | D:4      | Found an opulent altar of Gozag.
  3311 | D:4      | Found a stormy altar of Qazlal.
  3313 | D:4      | Found a shadowy altar of Dithmenos.
  3314 | D:4      | Found a snail-covered altar of Cheibriados.
  3316 | D:4      | Found a sacrificial altar of Ru.
  3325 | D:4      | Became a worshipper of Gozag Ym Sagoz the Greedy
  3466 | D:5      | Entered Level 5 of the Dungeon
  3790 | D:5      | Noticed a black bear
  3799 | D:5      | Slain by a black bear

Illustrated notes

Levels and vault maps discovered:
D:1:      saegor_arrival_fortress, layout_basic, basic_ecumenical_altar,
          chequers_serial_rivers_micro_e, st_stairs_14, minmay_domino_2
D:2:      layout_rooms
D:3:      layout_rooms, nicolae_overflow_crystal_walls,
          ashenzari_conservatory_becter, serial_shops,
          nicolae_shop_advertising_works [nicolae_subvault_shop_adworks]
D:4:      layout_cave_pools, lemuel_doored_altar, minitemple,
          nicolae_overflow_hidden_temple
D:5:      layout_basic

Skill      XL: |  1  2  3  4  5  6 |
---------------+-------------------+-----
Invocations    | 1 2 |  2.5
Short Blades   | 1 2 |  2.2
Long Blades    | 1 2 |  2.2
Axes           | 1 2 |  2.2
Maces & Flails | 1 2 |  2.2
Polearms       | 1 2 |  2.2
Staves         | 1 2 |  2.2
Throwing       | 1 2 |  2.2
Armour         | 1 2 |  2.2
Stealth        | 1 2 |  2.2
Shields        | 1 2 |  2.2
Unarmed Combat | 1 2 |  2.2
Evocations     | 1 2 |  2.2
Spellcasting   | 3 |  3.6
Conjurations   | 1 |  1.8
Summonings     | 1 |  1.8
Necromancy     | 1 |  1.8
Translocations | 1 |  1.8
Transmutations | 1 |  1.8
Fire Magic     | 1 |  1.8
Ice Magic      | 1 |  1.8
Air Magic      | 1 |  1.8
Earth Magic    | 1 |  1.8
Poison Magic   | 1 |  1.8
Fighting       | 3 |  3.4
Ranged Weapons | 5 |  5.1
Dodging        | 5 |  5.1
Hexes          | |  5.7

Action                   |  1- 3 |  4- 6 || total
-------------------------+-------+-------++-------
 Fire: Sling             |   110 |   135 ||   245
 Cast: Slow              |     7 |     4 ||    11
  Use: Scroll            |     5 |     9 ||    14
Armor: Robe              |    13 |     7 ||    20
Dodge: Dodged            |    58 |    31 ||    89
